 Dungeon Crawl Stone Soup version 0.25-a0-972-g74ed164fb1 (webtiles) character file.

Game seed: 14141584483387949378, levelgen mode: deterministic

12374 P0NYSLAYSTATION the Carver (level 12, -6/89 HPs)
             Began as a Human Monk on May 1, 2020.
             Was a Follower of Yredelemnul.
             Mangled by an ogre mage
             ... wielding a +0 spear of flaming
              (10 damage)
             ... in a volcano on May 9, 2020.
             The game lasted 01:36:46 (11194 turns).

P0NYSLAYSTATION the Carver (Human Monk)            Turns: 11194, Time: 01:36:46

Health: -6/89      AC:  9    Str: 15    XL:     12   Next: 19%
Magic:  16/16      EV: 13    Int: 12    God:    Yredelemnul [*.....]
Gold:   731        SH:  0    Dex: 16    Spells: 13/16 levels left

rFire    . . .     SeeInvis .   a - +1 falchion
rCold    . . .     Gourm    .   G - +0 kite shield
rNeg     . . .     Faith    .   i - +1 ring mail
rPois    +         Spirit   .   (no helmet)
rElec    .         Reflect  .   (no cloak)
rCorr    .         Harm     .   (no gloves)
MR       .....                  v - +0 pair of boots
Stlth    +.........             y - amulet of regeneration
HPRegen  0.64/turn              e - +2 ring of slaying
MPRegen  0.15/turn              E - ring of poison resistance

@: confused, slowed, very slow
A: no striking features
a: Animate Remains, Renounce Religion


You were in a volcano.
You worshipped Yredelemnul.
Yredelemnul was aware of your devotion.
You were not hungry.

You visited 3 branches of the dungeon, and saw 12 of its levels.
You also visited: Bailey and Volcano.

You collected 731 gold pieces.

Inventory:

Hand Weapons
 a - a +1 falchion (weapon)
 k - the +10 hunting sling of Ceicail {venom, MR- MP+9 Int+9}
   (You found it on level 8 of the Dungeon)

   It poisons the ammo it fires.
   It affects your intelligence (+9).
   It affects your resistance to hostile enchantments.
   It affects your magic capacity (+9).
 r - a +5 vorpal arbalest
 B - a +0 hunting sling
 O - a +1 great mace of flaming
 P - a +1 great mace of flaming
Missiles
 g - 409 stones
 n - 22 boomerangs (quivered)
 o - 2 throwing nets
 u - 123 bolts
Armour
 i - a +1 ring mail (worn)
 j - +0 steam dragon scales
 v - a +0 pair of boots (worn)
 D - a +2 leather armour of cold resistance
 G - a +0 kite shield (worn)
Jewellery
 e - a +2 ring of slaying (left hand)
 m - an uncursed ring of protection from magic
 s - an uncursed ring of ice
 y - an amulet of regeneration (around neck)
 E - a ring of poison resistance (right hand)
Wands
 A - a wand of disintegration (16)
 L - a wand of digging (4)
Scrolls
 d - a scroll of fear
 f - 2 scrolls of enchant armour
 h - 2 scrolls of acquirement
 l - 5 scrolls of remove curse
 p - 3 scrolls of blinking
 C - a scroll of torment
 I - a scroll of vulnerability {unknown}
 J - a scroll of identify
 N - a scroll of amnesia
Potions
 q - 2 potions of flight
 t - a potion of curing
 w - a potion of ambrosia
 x - 2 potions of lignification
 z - 2 potions of degeneration
 F - 2 potions of resistance
 H - a potion of magic
 K - a potion of mutation {unknown}
Miscellaneous
 M - a phantom mirror
Comestibles
 c - 11 rations


   Skills:
 + Level 6.9 Fighting
 + Level 10.5 Long Blades
 * Level 4.9(5.2) Slings
 + Level 3.1 Crossbows
 - Level 2.5(4.0) Throwing
 + Level 7.3 Armour
 + Level 7.0 Dodging
 + Level 4.2 Stealth
 + Level 2.6 Shields
 * Level 2.7 Spellcasting
 * Level 2.8 Hexes
 * Level 2.6 Ice Magic
 + Level 4.7 Invocations
 + Level 0.3 Evocations


You had 13 spell levels left.
You knew the following spells:

 Your Spells              Type           Power        Failure   Level  Hunger
a - Ensorcelled Hibernat  Hex/Ice        #.....       73%         2    ###....
b - Corona                Hex            #......      56%         1    #......

Your spell library contained the following spells:

 Spells                   Type           Power        Failure   Level  Hunger
 Confusing Touch          Hex            #.......     91%         3    ###....
 Tukima's Dance           Hex            #.......     91%         3    ###....
 Dazzling Flash           Conj/Hex       #.....       98%         3    ###....


Dungeon Overview and Level Annotations

Branches:
Dungeon (9/15)             Temple (1/1) D:6            Lair (2/6) D:8
 Bailey (visited)         Volcano (1/1)
  Swamp: Lair:2-4    Shoals: Lair:2-4     Snake: Lair:2-4    Spider: Lair:2-4
    Orc: D:9-12

Altars:
Ashenzari
Cheibriados
Dithmenos
Elyvilon
Fedhas
Gozag
Hepliaklqana
Kikubaaqudgha
Makhleb
Nemelex Xobeh
Okawaru
Qazlal
Ru
Sif Muna
Trog
Uskayaw
Vehumet
Wu Jian
Xom
Yredelemnul
Zin
The Shining One

Annotations:
D:6 Maggie
Lair:1 3 runed translucent doors, lis82's ghost, journeyman DgWz


Message History

That item cannot be evoked!
Evoke which item? (* to show all) (? for menu, Esc to quit)
Aiming: Disintegrate
Press: ? - help, Shift-Dir - straight line, f - ogre mage
Aim: an ogre mage, wielding a +0 spear of flaming and wearing a +2 robe of fire resistance (heavily wounded, chance to defeat MR: 18%)
The ogre mage resists with almost no effort.
You block the ogre mage's attack.
The ogre mage points at you and mumbles some strange words.
You are confused.
You bump into the rock wall.
The ogre mage hits you with a +0 spear of flaming.
* * * LOW HITPOINT WARNING * * *
The ogre mage burns you.
* * * LOW HITPOINT WARNING * * *
You're too confused to move!
The ogre mage gestures at you while chanting.
You resist with significant effort.
The ogre mage hits you with a +0 spear of flaming!
You die...
Your body rises from the dead as a mindless zombie.

≈≈§§≈....##
≈≈≈§§≈....##
≈≈§§§≈§....##
≈≈§≈≈≈≈§....#
§≈§§≈≈≈≈....#
≈≈§≈§≈≈≈..(.####
§§§≈≈≈..((...((##
.........#..#.)O###
#..###..######.≈@.#
####
#####°°§≈§≈...$.#
##°§≈≈§.$§)§.#
#§≈≈≈≈≈..§$§# #
##≈≈§≈≈)§§≈## #
###§≈§§§§§§# #
##≈≈§§≈≈≈#
###°≈°≈##


You could see an ogre mage.

Vanquished Creatures
  5 two-headed ogres
  An orc knight (Bailey)
  2 spiny frogs (Lair:1)
  Joseph (D:7)
  A rime drake (Lair:1)
  2 komodo dragons
  Prince Ribbit (D:7)
  Grinder (D:5)
  A hippogriff (Lair:1)
  A spriggan (D:8)
  A wyvern (D:9)
  2 yaks (Lair:1)
  Menkaure (D:7)
  A water moccasin (D:7)
  4 porcupines
  2 ice beasts
  4 orc warriors
  A sky beast (D:9)
  A black bear (D:8)
  3 ogres
  7 wolves
  2 centaurs
  3 crocodiles
  4 big kobolds
  2 bullfrogs
  A scorpion (D:4)
  2 killer bees (D:7)
  2 bullfrog zombies
  2 crimson imps
  A quasit (D:9)
  An orc priest (D:7)
  2 hounds (D:5)
  4 jellies
  A centaur skeleton (D:7)
  Terence (D:3)
  3 iguanas
  2 orc wizards
  2 worker ants
  A killer bee zombie (D:8)
  2 hound skeletons
  5 gnolls
  7 adders
  A shadow imp (D:9)
  A worm (D:4)
  4 dart slugs
  2 leopard geckos
  18 orcs
  2 ball pythons (D:3)
  4 bats
  3 giant cockroaches
  15 goblins
  12 hobgoblins
  16 jackals
  52 kobolds
  5 quokkas
  A frilled lizard (D:3)
  A quokka skeleton (D:6)
  4 rats
234 creatures vanquished.

Vanquished Creatures (collateral kills)
  Harold (D:8)
  Fannar (Lair:1)
  A hornet (D:9)
  A yak (Lair:1)
  A basilisk (Lair:1)
  Grum (Lair:1)
  A steam dragon (D:9)
  3 black bears
  A phantom (D:8)
  An ice beast (D:8)
  2 wolves
  3 crocodiles (D:8)
  2 big kobolds (D:5)
  A gnoll sergeant (D:8)
  A scorpion (D:7)
  2 killer bees (D:7)
  3 howler monkeys (D:8)
  A crimson imp (D:9)
  A bullfrog zombie (D:6)
  A bullfrog skeleton (D:5)
  A centaur skeleton (D:8)
  A worker ant (D:7)
  A hound zombie (D:9)
  A gnoll (D:5)
  3 orcs
  A hobgoblin (D:5)
  A quokka (D:7)
  11 kobolds
  A fungus (Lair:1)
50 creatures vanquished.

Vanquished Creatures (others)
  A two-headed ogre zombie (D:8)
  A human zombie (D:8)
  A rime drake zombie (Lair:1)
  A komodo dragon zombie (Lair:1)
  A wyvern zombie (D:9)
  A wolf zombie (Lair:1)
  A black bear zombie (D:8)
  A porcupine skeleton (D:8)
  A sky beast zombie (D:9)
  A crocodile skeleton (D:8)
  A big kobold zombie (D:5)
  3 howler monkey zombies (D:8)
  A steam dragon zombie (D:9)
  A leopard gecko (D:9)
  3 goblin zombies
  2 hobgoblin zombies (D:5)
  7 kobold zombies
  7 orc zombies
  A quokka skeleton (D:9)
  4 fungi
  A plant (Lair:1)
41 creatures vanquished.

Grand Total: 325 creatures vanquished

Notes
Turn   | Place    | Note
-------+----------+-------------------------------------------
     0 | D:1      | P0NYSLAYSTATION the Human Monk began the quest for the Orb.
     0 | D:1      | Reached XP level 1. HP: 18/18 MP: 1/1
    56 | D:1      | Reached XP level 2. HP: 8/24 MP: 2/2
   468 | D:1      | Reached XP level 3. HP: 22/29 MP: 3/3
   527 | D:2      | Found a glowing golden altar of the Shining One.
   998 | D:3      | Found a basalt altar of Yredelemnul.
  1006 | D:3      | Became a worshipper of Yredelemnul the Dark
  1006 | D:3      | Reached * piety under Yredelemnul
  1006 | D:3      | Reached ** piety under Yredelemnul
  1472 | D:2      | Noticed an angel
  1473 | D:2      | Found a shimmering altar of Xom.
  1477 | D:2      | Found a glowing silver altar of Zin.
  1601 | D:2      | Reached XP level 4. HP: 22/35 MP: 4/4
  2376 | D:3      | Reached skill level 1 in Armour
  2530 | D:3      | Reached XP level 5. HP: 34/41 MP: 5/5
  2560 | D:3      | Noticed Terence
  2580 | D:3      | Killed Terence
  2897 | D:3      | Reached skill level 4 in Long Blades
  3005 | D:3      | Found a white marble altar of Elyvilon.
  3519 | D:5      | Entered Level 5 of the Dungeon
  3806 | D:4      | Reached XP level 6. HP: 12/47 MP: 6/6
  4438 | D:5      | Found an iron altar of Okawaru.
  4507 | D:5      | Found an ancient bone altar of Kikubaaqudgha.
  4516 | D:5      | Reached XP level 7. HP: 49/53 MP: 7/7
  4523 | D:5      | Noticed Grinder
  4541 | D:5      | Killed Grinder
  4541 | D:5      | Reached skill level 5 in Long Blades
  4541 | D:5      | Reached skill level 1 in Throwing
  4541 | D:5      | Reached skill level 1 in Invocations
  5043 | D:5      | Reached XP level 8. HP: 60/60 MP: 7/9
  5208 | D:5      | Reached *** piety under Yredelemnul
  5506 | D:6      | Reached skill level 5 in Dodging
  5697 | D:6      | Noticed Maggie
  5781 | D:7      | Reached skill level 6 in Long Blades
  5795 | D:7      | Noticed Menkaure
  5804 | D:7      | Killed Menkaure
  6048 | D:7      | Reached skill level 5 in Armour
  6059 | D:7      | Reached XP level 9. HP: 40/66 MP: 10/10
  6117 | D:7      | Reached skill level 7 in Long Blades
  6185 | D:7      | Noticed Joseph
  6197 | D:7      | Killed Joseph
  6242 | D:7      | Noticed Prince Ribbit
  6273 | D:7      | Killed Prince Ribbit
  6273 | D:7      | Reached skill level 5 in Fighting
  6284 | D:7      | Found a shattered altar of Ashenzari.
  6368 | D:6      | Found a staircase to the Ecumenical Temple.
  6374 | Temple   | Entered the Ecumenical Temple
  6606 | D:6      | Found a shadowy altar of Dithmenos.
  6833 | D:7      | Reached skill level 8 in Long Blades
  6946 | D:7      | Found a radiant altar of Vehumet.
  7193 | D:8      | Noticed a two-headed ogre
  7251 | D:8      | Killed a two-headed ogre
  7251 | D:8      | Reached XP level 10. HP: 23/75 MP: 10/12
  7283 | D:8      | Found a flagged portal.
  7289 | Bailey   | Entered a bailey
  7321 | Bailey   | Noticed an orc warlord
  7414 | Bailey   | Noticed an orc knight
  7424 | Bailey   | Reached skill level 9 in Long Blades
  7440 | Bailey   | Killed an orc knight
  7466 | Bailey   | Found a runed translucent gate.
  7468 | Bailey   | Found a runed translucent gate.
  7536 | Bailey   | Found a runed translucent gate.
  7664 | Bailey   | HP: 3/76 [orc warlord/+0 broad axe (22)]
  7870 | D:8      | Upgraded the game from 0.25-a0-869-g05d4e06a41 to
                  | 0.25-a0-886-gd7461d2276
  8313 | D:8      | Noticed Harold
  8317 | D:8      | Got a crude hunting sling
  8333 | D:8      | Killed Harold
  8333 | D:8      | Reached skill level 1 in Crossbows
  8398 | D:8      | Your ally Harold died
  8545 | D:8      | Found a staircase to the Lair.
  8642 | D:8      | Found a sparkling altar of Nemelex Xobeh.
  8713 | D:8      | Reached XP level 11. HP: 54/81 MP: 14/14
  8741 | D:8      | Reached skill level 10 in Long Blades
  8785 | D:8      | Identified the +10 hunting sling of Ceicail {venom, MR-
                  | MP+9 Int+9} (You found it on level 8 of the Dungeon)
  8800 | D:8      | Noticed a two-headed ogre
  8814 | D:8      | Killed a two-headed ogre
  8814 | D:8      | Reached skill level 1 in Slings
  8872 | D:8      | Reached skill level 1 in Spellcasting
  9252 | D:9      | Found a hide-covered altar of Uskayaw.
  9252 | D:9      | Found a hazy altar of Hepliaklqana.
  9397 | D:9      | Paralysed by a hornet for 3 turns
  9402 | D:9      | Reached skill level 1 in Shields
  9596 | Lair:1   | Entered Level 1 of the Lair of Beasts
  9647 | Lair:1   | Learned a level 2 spell: Ensorcelled Hibernation
  9707 | Lair:1   | Reached skill level 1 in Hexes
  9764 | Lair:1   | Noticed Grum
  9801 | Lair:1   | Killed Grum
  9872 | Lair:1   | Reached skill level 1 in Ice Magic
 10098 | Lair:1   | Found a runed translucent gate.
 10098 | Lair:1   | Noticed a spectral death yak
 10100 | Lair:1   | Identified 2 scrolls of acquirement
 10101 | Lair:1   | Found a runed translucent gate.
 10101 | Lair:1   | Found a runed translucent gate.
 10104 | Lair:1   | Noticed lis82's ghost (journeyman DgWz)
 10104 | Lair:1   | Noticed a spectral death yak
 10206 | Lair:1   | Upgraded the game from 0.25-a0-886-gd7461d2276 to
                  | 0.25-a0-972-g74ed164fb1
 10375 | Lair:1   | Noticed Fannar
 10398 | Lair:1   | Killed Fannar
 10767 | Lair:1   | Learned a level 1 spell: Corona
 11035 | Lair:2   | Found a dark tunnel.
 11040 | Volcano  | Entered a volcano
 11055 | Volcano  | Noticed a two-headed ogre
 11079 | Volcano  | Killed a two-headed ogre
 11079 | Volcano  | Reached XP level 12. HP: 60/89 MP: 15/15
 11117 | Volcano  | Noticed a two-headed ogre
 11117 | Volcano  | Noticed an ogre mage
 11117 | Volcano  | Noticed a two-headed ogre
 11166 | Volcano  | Killed a two-headed ogre
 11169 | Volcano  | Killed a two-headed ogre
 11193 | Volcano  | HP: 4/89 [ogre mage/+0 spear of flaming (1)]
 11194 | Volcano  | Mangled by an ogre mage

Illustrated notes

Levels and vault maps discovered:
D:1:      saegor_arrival_simple_e, layout_loops_ring
D:2:      layout_loops_ring, grunt_temple_overflow_order_and_chaos_1,
          nicolae_overflow_crystal_walls
D:3:      layout_loops_corners, kennysheep_ying_yang, uniq_terence
D:4:      layout_cave_pools, first_ration, feat_on_display
D:5:      minmay_goblin_kobold_castle, layout_gridville,
          okawaru_altar_gauntlet_db, lemuel_crystal_altar,
          minmay_misc_feat_more_columns, uniq_grinder
D:6:      layout_cave_pools, grunt_dithmenos_smoke,
          minmay_temple_entry_mini_moons, uniq_maggie
D:7:      layout_basic, kennysheep_mini, kennysheep_little_box,
          uniq_prince_ribbit1, uniq_joseph, uniq_menkaure
D:8:      layout_loops_ring, marbit_many_paths, minmay_lair_entry_grove,
          enter_bailey_3, the_bakery, uniq_harold
D:9:      layout_cave_pools, gammafunk_temple_overflow_elements,
          hangedman_abyss_or_decor_clamps
Temple:   chequers_temple_sunken
Lair:1:   layout_loops_ring, gammafunk_ghost_necromancy, grunt_megastairs_2,
          uniq_fannar, uniq_grum
Lair:2:   layout_cave_shapes, nicolae_spider_entry_tight_spaces,
          enter_volcano_4, st_stairs_12, serial_bayou_pond_b
Volcano:  volcano_pools

Skill      XL: |  1  2  3  4  5  6  7  8  9 10 11 |
---------------+----------------------------------+-----
Armour         | 1 3 5 7 |  7.3
Dodging        | 4 5 6 7 |  7.0
Long Blades    | 4 5 6 8 9 10 | 10.5
Fighting       | 4 5 6 |  6.9
Throwing       | 1 2 |  2.5
Invocations    | 1 2 4 |  4.7
Stealth        | 3 4 |  4.2
Crossbows      | 2 3 |  3.1
Slings         | 4 |  4.9
Spellcasting   | 2 |  2.7
Shields        | 2 |  2.6
Hexes          | 2 |  2.8
Ice Magic      | 2 |  2.6
Evocations     | |  0.3

Action                   |  1- 3 |  4- 6 |  7- 9 | 10-12 || total
-------------------------+-------+-------+-------+-------++-------
Melee: Falchion          |   108 |   206 |   392 |   362 ||  1068
       Hunting sling     |       |       |       |     1 ||     1
 Fire: Hunting sling     |       |       |       |    59 ||    59
Throw: Stone             |       |    15 |    22 |    13 ||    50
       Boomerang         |       |       |       |    15 ||    15
       Throwing net      |       |       |       |     5 ||     5
Invok: Injury Mirror     |       |     2 |     8 |     6 ||    16
       Animate Remains   |       |     3 |    11 |    26 ||    40
       Animate Dead      |       |       |     1 |     2 ||     3
Evoke: Wand              |       |       |       |     4 ||     4
  Use: Scroll            |       |    11 |    10 |     5 ||    26
       Potion            |       |     4 |     2 |    12 ||    18
 Stab: Sleeping          |     7 |       |     1 |     4 ||    12
       Distracted        |       |       |     2 |     3 ||     5
  Eat: Chunk             |     2 |     9 |     2 |     8 ||    21
       Ration            |       |     1 |     3 |     4 ||     8
Armor: Robe              |    15 |    23 |       |       ||    38
       Ring mail         |       |    12 |   113 |    88 ||   213
Dodge: Dodged            |    68 |   179 |   288 |   215 ||   750
Block: Kite shield       |       |       |       |    73 ||    73
       Rpst.: Falchion   |    19 |    60 |    78 |    50 ||   207

Table legend:
 A = Non-vault XP
 B = Vault XP
 C = Vault XP percentage of total XP
 D = Non-vault monster count
 E = Vault monster count
 F = Vault count percentage of total count
                 A         B        C        D         E       F
            +---------+---------+-------+---------+---------+-------
      Total |    9162 |    8516 |  48.2 |     174 |     109 |  38.5
            +---------+---------+-------+---------+---------+-------
        D:1 |      39 |       0 |   0.0 |      18 |       0 |   0.0
        D:2 |      23 |       0 |   0.0 |       6 |       0 |   0.0
        D:3 |     153 |      36 |  19.0 |      38 |       1 |   2.6
        D:4 |     160 |       0 |   0.0 |       6 |       0 |   0.0
        D:5 |     207 |     772 |  78.9 |      10 |      55 |  84.6
        D:6 |     166 |       0 |   0.0 |       6 |       0 |   0.0
        D:7 |    1166 |     942 |  44.7 |      29 |       4 |  12.1
        D:8 |    2632 |    1894 |  41.8 |      19 |      19 |  50.0
        D:9 |    1185 |       0 |   0.0 |      24 |       0 |   0.0
     Lair:1 |    3070 |    1101 |  26.4 |      17 |       4 |  19.0
     Lair:2 |     361 |       0 |   0.0 |       1 |       0 |   0.0
     Bailey |       0 |    1051 | 100.0 |       0 |      23 | 100.0
    Volcano |       0 |    2720 | 100.0 |       0 |       3 | 100.0
            +---------+---------+-------+---------+---------+-------
